 Dungeon Crawl Stone Soup version 0.30-a0-800-g7c544603b3 (webtiles) character file.

Game seed: 14576202638732105713

2741 jlumianski the Chopper (level 9, -5/67 HPs)
             Began as a Demonspawn Fighter on Feb 23, 2023.
             Was a Follower of Qazlal.
             Slain by an orc warlord
             ... wielding a +6 battleaxe
              (28 damage)
             ... in a bailey.
             The game lasted 00:34:47 (5869 turns).

jlumianski the Chopper (Demonspawn Fighter)         Turns: 5869, Time: 00:34:47

Health: -5/67      AC: 16    Str: 20    XL:     9   Next: 40%
Magic:  11/11      EV:  8    Int: 11    God:    Qazlal [*.....]
Gold:   340        SH: 16    Dex: 12    Spells: 8/8 levels left

rFire   . . .      SeeInvis .    I - +4 broad axe (elec)
rCold   . . .      Faith    .    c - +0 buckler
rNeg    . . .      Spirit   .    A - +3 chain mail {Will+}
rPois   .          Reflect  +    m - +0 helmet
rElec   .          Harm     .    (no cloak)
rCorr   .          Rampage  .    (no gloves)
Will    ++...                    r - +1 pair of boots Stlth
                                 i - amulet of reflection
HPRegen 0.31/turn                g - ring of willpower
MPRegen 0.12/turn                o - ring of flight

@: mighty, flying
A: large bone plates 1, ignite blood 1, spiny 2, weakness stinger 1
a: Renounce Religion


You were in a bailey.
You worshipped Qazlal.
Qazlal was aware of your devotion.
You visited 2 branches of the dungeon, and saw 8 of its levels.
You also visited: Sewer and Bailey.

You collected 340 gold pieces.

Inventory:

Hand Weapons
 a - a +1 war axe of draining
 D - the +9 mace of Mauling Instant Death {vamp, Dex+2}
   (You found it on level 4 of the Dungeon)

   Dex:       It affects your dexterity (+2).
 I - a +4 broad axe of electrocution (weapon)
Missiles
 k - 47 stones
 p - 13 poisoned darts
 x - 19 boomerangs
 F - a curare-tipped dart
Armour
 b - a +0 scale mail
 c - a +0 buckler (worn)
 m - a +0 helmet (worn)
 r - a +1 pair of boots (worn)
 A - a +3 chain mail of willpower (worn)
Jewellery
 g - a ring of willpower (left hand)
 i - an amulet of reflection (around neck)
 o - a ring of flight (right hand)
Wands
 s - a wand of iceblast (7) (quivered)
 w - a wand of polymorph (2)
 y - a wand of mindburst (3)
 B - a wand of paralysis (7)
 H - a wand of flame (24)
Scrolls
 e - 3 scrolls of teleportation
 f - a scroll of torment
 h - 3 scrolls of amnesia
 n - a scroll of blinking
 v - 3 scrolls of immolation
 G - a scroll of enchant armour
 J - a scroll of magic mapping {unknown}
 K - a scroll of fog {unknown}
 M - a scroll of butterflies {unknown}
Potions
 j - 2 potions of ambrosia
 l - 2 potions of attraction
 q - a potion of flight
 t - 2 potions of brilliance
 u - 3 potions of curing
 z - 2 potions of mutation
 C - a potion of cancellation {unknown}
 E - 3 potions of heal wounds
 L - a potion of magic {unknown}


   Skills:
 + Level 4.8 Fighting
 + Level 7.9 Axes
 + Level 5.9 Armour
 + Level 1.9 Dodging
 - Level 0.5 Stealth
 + Level 5.6 Shields
 * Level 3.9 Invocations
 + Level 1.1 Evocations


You had 8 spell levels left.
You didn't know any spells.
Your spell library contained the following spells:

 Spells                   Type           Power      Damage    Failure   Level
 Inner Flame              Hex/Fire       0%         N/A       100%        3
 Ozocubu's Armour         Ice            0%         N/A       100%        3
 Summon Guardian Golem    Hex/Summ       0%         N/A       100%        3
 Animate Armour           Summ/Erth      0%         N/A       100%        4
 Flame Wave               Conj/Fire      0%         2d4       100%        4
 Sticky Flame             Conj/Fire      0%         2d3       100%        4
 Blade Hands              Tmut           0%         N/A       100%        5
 Metabolic Englaciation   Hex/Ice        0%         N/A       100%        5
 Iron Shot                Conj/Erth      0%         9d1       100%        6
 Simulacrum               Ice/Necr       0%         N/A       100%        6
 Orb of Destruction       Conj           0%         9d5       100%        7
 Spellforged Servitor     Conj/Summ      0%         N/A       100%        7


Dungeon Overview and Level Annotations

Branches:
Dungeon (7/15)             Temple (1/1) D:4           Sewer (visited)
 Bailey (1/1)

Altars:
Cheibriados
Dithmenos
Fedhas
Gozag
Hepliaklqana
Kikubaaqudgha
Makhleb
Nemelex Xobeh
Okawaru
Qazlal
Ru
Sif Muna
Uskayaw
Vehumet
Wu Jian
Xom
Yredelemnul

Shops:
D:2 [   D:4 :


Innate Abilities, Weirdness & Mutations

You are partially covered in large bone plates. (SH +4)
Your demonic aura sometimes causes spilled blood to erupt in flames.
You are mostly covered in sharp spines.
You have a small tail.


Message History

Things that are here:
a +0 hand axe; a +0 ring mail
Things that are here:
a +0 hand axe; a +0 ring mail
Things that are here:
a +0 war axe; a +0 leather armour; a goblin corpse
Found a gate leading back out of this place.
Things that are here:
a +0 war axe; a +0 scale mail
There is an open door, spattered with blood here.
Things that are here:
a +0 hand axe; a +0 leather armour
There is an open door here.
You see here a kobold skeleton.
There is an open gate here.
There is an open gate here.
Items here: )) [[ ††.
There is an open door here.
There is an open door here.
It was a potion of heal wounds.
You feel much better.
You reach down and open the gate.
You barely miss the orc warlord.
The orc warlord is struck by your spines.
The orc warlord completely misses you.
You feel very mighty all of a sudden. You block the orc warlord's attack.
You barely miss the orc warlord.
Your tail-slap misses the orc warlord.
The orc warlord is lightly wounded.
The orc warlord hits you with a +6 battleaxe!!
You block the orc warlord's attack.
You hit the orc warlord.
The orc warlord is lightly wounded.
The orc warlord hits you with a +6 battleaxe!!
You slash the orc warlord! You tail-slap the orc warlord!
The orc warlord is moderately wounded.
You block the orc warlord's attack.
You hit the orc warlord. You tail-slap the orc warlord!
The orc warlord is moderately wounded.
The orc warlord hits you with a +6 battleaxe!!
You die...

##.....##.......##...
##.......##~~~~~##...8
##..8..8...#~~~~)#.....
#..........#~~~~~#.)...
#........).'.....'.)..8
#...8......#########...
##......####~~~#~~~##..
##....°#~~#~.....)~#..
##.°@.#~........?~#..
#..o##~8.8...8.8##..
#...'~~.........#...
#...'~~....∩....#...
#...'~~.........#...
#...##~8.8...8.8##..
##.)..#~........?~#..
##...).#~~#~.....:~#..
##......####~~~#~~~##..


You could see an orc warlord.

Vanquished Creatures
  A wyvern (D:7)
  5 water moccasins
  A sky beast (D:6)
  4 orc warriors (Bailey)
  A black bear (D:3)
  3 ogres
  2 phantoms (D:5)
  Blork the orc (D:6)
  2 bullfrogs (Sewer)
  A kobold brigand (D:6)
  A necrophage (D:5)
  4 scorpions
  3 hounds
  2 iguanas (D:6)
  Ijyb (D:3)
  An orc wizard (D:5)
  10 gnolls
  5 adders
  A river rat (D:5)
  2 white imps (D:6)
  3 ufetubi
  4 worms
  5 orcs
  11 ball pythons
  8 bats
  15 endoplasms
  18 giant cockroaches
  13 goblins
  8 hobgoblins
  10 quokkas
  7 frilled lizards
  24 kobolds
  8 rats
185 creatures vanquished.

Notes
Turn   | Place    | Note
-------+----------+-------------------------------------------
     0 | D:1      | jlumianski the Demonspawn Fighter began the quest for the
                  | Orb.
     0 | D:1      | Reached XP level 1. HP: 18/18 MP: 1/1
   243 | D:1      | Gained mutation: You are partially covered in sharp spines.
                  | [demonic ancestry]
   243 | D:1      | Reached XP level 2. HP: 24/24 MP: 2/2
   397 | D:1      | Reached skill level 2 in Axes
   778 | D:2      | Reached XP level 3. HP: 23/29 MP: 3/3
   884 | D:2      | Found Jonil's Antique Armour Shop.
  1200 | D:2      | Reached skill level 3 in Axes
  1200 | D:2      | Gained mutation: You are partially covered in large bone
                  | plates. (SH +4) [demonic ancestry]
  1200 | D:2      | Reached XP level 4. HP: 23/35 MP: 4/4
  1548 | D:3      | Noticed a water moccasin
  1553 | D:3      | Killed a water moccasin
  1554 | D:3      | Reached skill level 1 in Dodging
  1554 | D:3      | Gained mutation: You have a small tail. [demonic ancestry]
  1554 | D:3      | Reached XP level 5. HP: 35/41 MP: 5/5
  1708 | D:3      | Noticed Ijyb
  1718 | D:3      | Killed Ijyb
  1897 | D:3      | Reached skill level 4 in Axes
  2022 | D:4      | Noticed a black bear
  2022 | D:4      | Noticed an ogre
  2058 | D:3      | Killed an ogre
  2059 | D:3      | Gained mutation: You are mostly covered in sharp spines.
                  | [demonic ancestry]
  2059 | D:3      | Reached XP level 6. HP: 21/47 MP: 6/6
  2204 | D:4      | Found Hauju's Book Shop.
  2695 | D:4      | Found a staircase to the Ecumenical Temple.
  2707 | Temple   | Entered the Ecumenical Temple
  3032 | D:4      | Identified the +9 mace of Mauling Instant Death {vamp,
                  | Dex+2}
  3157 | D:5      | Entered Level 5 of the Dungeon
  3169 | D:5      | Gained mutation: Your demonic aura sometimes causes spilled
                  | blood to erupt in flames. [demonic ancestry]
  3169 | D:5      | Reached XP level 7. HP: 30/53 MP: 7/7
  3170 | D:5      | Identified a scroll of acquirement
  3174 | D:5      | Acquired an amulet of reflection
  3318 | D:5      | Reached skill level 5 in Axes
  3507 | D:5      | Found a glowing drain.
  3518 | Sewer    | Entered a sewer
  3944 | D:5      | Reached skill level 6 in Axes
  3944 | D:5      | Reached XP level 8. HP: 60/60 MP: 8/8
  4017 | D:5      | Reached skill level 5 in Armour
  4174 | D:5      | Found an iron altar of Okawaru.
  4183 | D:5      | Found a stormy altar of Qazlal.
  4189 | D:5      | Became a worshipper of Qazlal Stormbringer
  4845 | D:6      | Noticed Blork the orc
  4852 | D:6      | Killed Blork the orc
  4853 | D:6      | Reached skill level 5 in Shields
  4853 | D:6      | Reached skill level 1 in Invocations
  4880 | D:6      | Found a hazy altar of Hepliaklqana.
  4996 | D:6      | Reached skill level 7 in Axes
  4996 | D:6      | Reached skill level 1 in Evocations
  5003 | D:6      | Reached XP level 9. HP: 57/66 MP: 10/10
  5464 | D:7      | Found a flagged portal.
  5501 | Bailey   | Entered a bailey
  5544 | Bailey   | Noticed an orc warlord
  5553 | Bailey   | Reached * piety under Qazlal
  5672 | Bailey   | Acquired a +4 broad axe of electrocution
  5693 | Bailey   | Found a runed translucent gate.
  5693 | Bailey   | Found a runed translucent gate.
  5707 | Bailey   | Found a runed translucent gate.
  5869 | Bailey   | Slain by an orc warlord

Illustrated notes

Levels and vault maps discovered:
D:1:      onia_arrival_pentagram, layout_basic, amcnicky_mini_corridor_feature
D:2:      layout_basic, serial_shops, nicolae_shop_stone, chequers_jeans,
          minmay_pentomino_s4
D:3:      layout_basic, uniq_ijyb
D:4:      layout_basic, minmay_temple_entry_drinking_statues, serial_shops,
          nicolae_stop_n_shop_1, minmay_stone_trees_small
D:5:      kennysheep_windowed_halls, layout_loops_cross,
          mainiacjoe_overflow_swirl, cheibrodos_sewer_entry_sluice
D:6:      layout_loops_ring, gammafunk_temple_overflow_pools, uniq_blork_the_orc
D:7:      layout_loops_cross, enter_bailey_7, serial_shops,
          nicolae_shop_waterfront, uniq_crazy_yiuf_cottage, uniq_joseph,
          uniq_menkaure
Temple:   nicolae_temple_bog_church
Bailey:   bailey_axe_bossmonster_kennysheep, bailey

Skill      XL: |  1  2  3  4  5  6  7  8  9 |
---------------+----------------------------+-----
Armour         | 3 4 5 |  5.9
Axes           | 2 3 4 6 7 |  7.9
Shields        | 3 4 5 |  5.6
Dodging        | 1 |  1.9
Fighting       | 4 |  4.8
Invocations    | 2 3 |  3.9
Evocations     | 1 |  1.1
Stealth        | |  0.5

Action                     |  1- 3 |  4- 6 |  7- 9 || total
---------------------------+-------+-------+-------++-------
  Melee: War axe           |    99 |    94 |   206 ||   399
         Tailslap          |       |    11 |    23 ||    34
         Broad axe         |       |       |    22 ||    22
  Evoke: Wand              |       |     1 |     2 ||     3
    Use: Scroll            |       |     3 |    11 ||    14
         Potion            |       |       |     5 ||     5
   Stab: Paralysed         |       |       |     3 ||     3
 Armour: Scale mail        |    49 |    13 |       ||    62
         Chain mail        |       |    26 |    85 ||   111
  Dodge: Dodged            |    38 |    23 |    37 ||    98
  Block: Buckler           |    31 |    60 |   161 ||   252
         Reflection        |       |       |     6 ||     6

Table legend: (Time is in decaauts)
 A = Elapsed time spent in this place.
 B = Non-inter-level travel time spent in this place.
 C = Inter-level travel time spent in this place.
 D = Time resting spent in this place.
 E = Time spent auto-exploring this place.
 F = Levels seen in this place.
 G = Mean time per level.
                   A        B        C        D        E       F      G
               +--------+--------+--------+--------+--------+-----+--------+
         Total |   6000 |   5884 |    116 |    294 |   3095 |  10 |  600.0 |
       Dungeon |   4999 |   4883 |    116 |    294 |   2839 |   7 |  714.1 |
        Temple |    211 |    211 |      0 |      0 |    144 |   1 |  211.0 |
         Sewer |    413 |    413 |      0 |      0 |     40 |   1 |  413.0 |
        Bailey |    376 |    376 |      0 |      0 |     72 |   1 |  376.0 |
               +--------+--------+--------+--------+--------+-----+--------+

Top non-repeatable levels by time:
     D:5: 1210 daAuts
     D:4: 841 daAuts
     D:3: 797 daAuts
     D:2: 711 daAuts
     D:1: 678 daAuts
     D:6: 665 daAuts
   Sewer: 413 daAuts
  Bailey: 376 daAuts
  Temple: 211 daAuts
     D:7: 95 daAuts
